 Dungeon Sprint DCSS version 0.30-a0-913-g9934a0ce24 (webtiles) character file.

Game seed: 3182763765404131525

805 dialectric the Carver (level 7, 0/48 HPs)
             Began as a Gargoyle Fighter on Mar 19, 2023.
             Was an Initiate of Trog.
             Slain by a flying skull (6 damage)
             ... in the Dungeon (Sprint II: "The Violet Keep of Menkaure").
             The game lasted 00:01:28 (144 turns).

dialectric the Carver (Gargoyle Fighter)             Turns: 144, Time: 00:01:29

Health: 0/48       AC: 13    Str: 20    XL:     7   Next: 91%
Magic:  6/6        EV: 11    Int:  8    God:    Trog [......]
Gold:   243        SH:  0    Dex: 13    Spells: 6/6 levels left

rFire   . . .      SeeInvis .    a - +0 long sword
rCold   . . .      Faith    .    (no shield)
rNeg    + . .      Spirit   .    b - +0 scale mail
rPois   ∞          Reflect  .    (no helmet)
rElec   +          Rampage  .    (no cloak)
rCorr   .          NoTele   +    (no gloves)
Will    .....                    (no boots)
Stlth   +                        (no amulet)
HPRegen 0.28/turn                (no ring)
MPRegen 0.10/turn                (no ring)

@: mesmerised
A: sickness immunity, AC +4, negative energy resistance 1, electricity
resistance, torment resistance 1, petrification resistance, thin skeletal
structure 1, low MP 1
a: Renounce Religion


You were in the Dungeon.
You worshipped Trog.
Trog was noncommittal.
You visited 1 branch You collected 243 gold pieces.

Inventory:

Hand Weapons
 a - a +0 long sword (weapon)
Armour
 b - a +0 scale mail (worn)
 c - a +0 buckler
Scrolls
 j - a scroll of blinking
Potions
 g - a potion of haste
 h - 2 potions of magic
 i - a potion of berserk rage


   Skills:
 - Level 7.0 Fighting
 * Level 10.9 Long Blades
 + Level 10.8 Armour
 - Level 4.1 Dodging
 - Level 3.2 Shields


You had 6 spell levels left.
You didn't know any spells.
Your spell library was empty.

Dungeon Overview and Level Annotations

Branches:
Dungeon (1/1)

Altars:
Cheibriados
Dithmenos
Elyvilon
Fedhas
Gozag
Hepliaklqana
Kikubaaqudgha
Makhleb
Nemelex Xobeh
Okawaru
Qazlal
Ru
Sif Muna
Trog
Uskayaw
Vehumet
Wu Jian
Xom
Yredelemnul
Zin
The Shining One
Jiyva
Lugonu


Innate Abilities, Weirdness & Mutations

You are immune to sickness and miasma.
Your stone body is resilient. (AC +4)
You are immune to poison.
You resist negative energy. (rN+)
You are resistant to electric shocks. (rElec)
You are resistant to unholy torment.
You are immune to petrification.
You have a somewhat thin skeletal structure. (Dex +2, Stealth+)
Your magical capacity is low. (-10% MP)


Message History

Unknown command.
The flying skull gives a hideous shriek!
You hit the merfolk siren.
The merfolk siren is moderately wounded.
The flying skull hits you but does no damage.
A flying skull comes into view.
The flying skull hits you.
The merfolk siren chants its luring song.
You are too mesmerised to rage.
Unknown command.
Unknown command.
Unknown command.
Okay, then.
The flying skull gives a hideous shriek!
You hit the merfolk siren.
The merfolk siren is heavily wounded.
The flying skull hits you!
The merfolk siren chants its luring song.
You hear a hideous shriek!
You barely miss the merfolk siren.
The merfolk siren is heavily wounded.
The flying skull hits you but does no damage.
The flying skull barely misses you.
A flying skull comes into view.
You slash the merfolk siren!
The merfolk siren is severely wounded.
The flying skull hits you!
* * * LOW HITPOINT WARNING * * *
A flying skull comes into view.
The merfolk siren barely misses you. The flying skull barely misses you.
You slash the merfolk siren!
The merfolk siren is almost dead.
The flying skull misses you. The flying skull hits you.
* * * LOW HITPOINT WARNING * * *
The flying skull hits you.
* * * LOW HITPOINT WARNING * * *
The merfolk siren hits you but does no damage.
The flying skull hits you but does no damage.
The flying skull hits you.
You die...

.°○○ ○○. ○z#++ °.○..
##z##.. ##.zz##.####
.### #.z#mz#....# ...# #
#zz@####..## #..# ##.
##z###.##..# +^.#
#...##.##.#.#..# #..#
#†.<.'##.'..####^.##.
#...##.###..#....###...#
##. #+# #.##......~~~~~
# ###~~...§.~#'##
#~~~~~~~..~#.._
#§~§~~~~§§~#._.


You could see a merfolk siren (mesmerising) and 9 flying skulls.

Vanquished Creatures
  4 neqoxecs (D)
  A water moccasin (D)
  4 necrophages (D)
9 creatures vanquished.

Vanquished Creatures (others)
  A water moccasin (D)
1 creature vanquished.

Grand Total: 10 creatures vanquished

Notes
Turn   | Place    | Note
-------+----------+-------------------------------------------
     0 | D        | dialectric the Gargoyle Fighter began the quest for the
                  | Orb.
     0 | D        | Reached XP level 1. HP: 14/14 MP: 1/1
     8 | D        | Noticed a necrophage
     8 | D        | Noticed a necrophage
     8 | D        | Noticed a necrophage
     8 | D        | Noticed a necrophage
    13 | D        | Killed a necrophage
    14 | D        | Reached skill level 5 in Fighting
    14 | D        | Reached skill level 5 in Armour
    14 | D        | Reached XP level 2. HP: 21/21 MP: 2/2
    14 | D        | Reached XP level 3. HP: 26/26 MP: 3/3
    14 | D        | Reached XP level 4. HP: 31/31 MP: 4/4
    22 | D        | Killed a necrophage
    23 | D        | Reached XP level 5. HP: 31/37 MP: 5/5
    32 | D        | Reached skill level 5 in Long Blades
    32 | D        | Reached XP level 6. HP: 35/44 MP: 6/6
    34 | D        | Noticed a neqoxec
    35 | D        | Gained mutation: You have a somewhat thin skeletal
                  | structure. (Dex +2, Stealth+) [a neqoxec]
    41 | D        | Killed a neqoxec
    42 | D        | Noticed a neqoxec
    42 | D        | Noticed a neqoxec
    42 | D        | Noticed a neqoxec
    48 | D        | Killed a neqoxec
    49 | D        | Reached XP level 7. HP: 29/48 MP: 7/7
    49 | D        | Gained mutation: Your magical capacity is low. (-10% MP) [a
                  | neqoxec]
    51 | D        | Killed a neqoxec
    52 | D        | Reached skill level 10 in Armour
    69 | D        | Killed a neqoxec
    70 | D        | Reached skill level 10 in Long Blades
    81 | D        | Found a hazy altar of Hepliaklqana.
    81 | D        | Found a snail-covered altar of Cheibriados.
    82 | D        | Found a stormy altar of Qazlal.
    82 | D        | Found a viscous altar of Jiyva.
    82 | D        | Found a shadowy altar of Dithmenos.
    83 | D        | Found a sacrificial altar of Ru.
    83 | D        | Found an ancient bone altar of Kikubaaqudgha.
    83 | D        | Found a white marble altar of Elyvilon.
    84 | D        | Found an ornate altar of the Wu Jian Council.
    84 | D        | Found a shimmering blue altar of Sif Muna.
    84 | D        | Found a corrupted altar of Lugonu.
    85 | D        | Found a shimmering altar of Xom.
    85 | D        | Found a bloodstained altar of Trog.
    85 | D        | Found a burning altar of Makhleb.
    86 | D        | Found a glowing golden altar of the Shining One.
    86 | D        | Found a basalt altar of Yredelemnul.
    86 | D        | Found a hide-covered altar of Uskayaw.
    88 | D        | Found a glowing silver altar of Zin.
    88 | D        | Found a radiant altar of Vehumet.
    88 | D        | Found a blossoming altar of Fedhas.
    88 | D        | Found a sparkling altar of Nemelex Xobeh.
    89 | D        | Found an opulent altar of Gozag.
    89 | D        | Found an iron altar of Okawaru.
    94 | D        | Became a worshipper of Trog the Wrathful
   134 | D        | Noticed a merfolk siren
   136 | D        | Noticed a flying skull
   136 | D        | Noticed a flying skull
   136 | D        | Noticed a flying skull
   136 | D        | Noticed a flying skull
   136 | D        | Noticed a flying skull
   138 | D        | Noticed a flying skull
   138 | D        | Noticed a flying skull
   139 | D        | Noticed a flying skull
   140 | D        | Noticed a flying skull
   142 | D        | Noticed a flying skull
   143 | D        | Noticed a flying skull
   144 | D        | Slain by a flying skull

Illustrated notes

Levels and vault maps discovered:
D:        the_violet_keep_of_menkaure [sprint2_stairs_cluster_1,
          sprint2_shoproom, sprint2_temple, sprint2_basic_supplies,
          sprint2_obstacle_7, sprint2_obstacle_5, sprint2_obstacle_1,
          sprint2_obstacle_4, sprint2_obstacle_2, sprint2_timed_cluster_1,
          sprint2_smallroom_cluster_1, sprint2_smallroom_final_cluster_1,
          sprint2_transparent_cluster_1, sprint2_second_timed_cluster_1,
          sprint2_sniper_area_1, sprint2_heavy_combat_area_1,
          sprint2_mutation_trap_area_1, sprint2_forest_area_1,
          sprint2_light_combat_area_1, sprint2_behind_water_1,
          sprint2_near_end_vault_1]

Skill      XL: |  1  2  3  4  5  6  7 |
---------------+----------------------+-----
Fighting       | 5 6 7 |  7.0
Long Blades    | 2 3 5 8 10 | 10.9
Armour         | 5 6 8 9 10 | 10.8
Dodging        | 2 3 4 |  4.1
Shields        | |  3.2

Action                     |  1- 3 |  4- 6 |  7- 9 || total
---------------------------+-------+-------+-------++-------
  Melee: Long sword        |     4 |    27 |    43 ||    74
         Punch             |       |     2 |       ||     2
    Use: Potion            |     1 |     1 |     1 ||     3
 Armour: Scale mail        |     2 |    15 |    16 ||    33
  Dodge: Dodged            |     1 |     3 |    18 ||    22

Table legend: (Time is in decaauts)
 A = Elapsed time spent in this place.
 B = Non-inter-level travel time spent in this place.
 C = Inter-level travel time spent in this place.
 D = Time resting spent in this place.
 E = Time spent auto-exploring this place.
 F = Levels seen in this place.
 G = Mean time per level.
                   A        B        C        D        E       F      G
               +--------+--------+--------+--------+--------+-----+--------+
         Total |    147 |    147 |      0 |      0 |      0 |   1 |  147.0 |
       Dungeon |    147 |    147 |      0 |      0 |      0 |   1 |  147.0 |
               +--------+--------+--------+--------+--------+-----+--------+

Top non-repeatable levels by time:
       D: 147 daAuts
